 Dungeon Crawl Stone Soup version 0.16.1-29-g3e760ad (webtiles) character file.

14 Max123 the Cudgeler (level 2, 15/29 HPs)
             Began as a Troll Berserker on June 6, 2015.
             Was a Follower of Trog.
             Starved to death
             ... on level 2 of the Dungeon.
             The game lasted 00:10:31 (1065 turns).

Max123 the Cudgeler (Troll Berserker)               Turns: 1065, Time: 00:10:31

Health: 15/29      AC:  5    Str: 24    XL:     2   Next: 31%
Magic:  1/1        EV: 10    Int:  3    God:    Trog [*.....]
Gold:   85         SH:  0    Dex:  9    Spells: 0 memorised, 1 level left

rFire  . . .     SeeInvis .     a - +0 mace
rCold  . . .     Clarity  .     g - +0 robe
rNeg   . . .     SustAb   .     (shield restricted)
rPois  .         Gourm    +     (helmet restricted)
rElec  .         Spirit   .     (no cloak)
rCorr  .         Warding  .     (gloves unavailable)
rMut   .         Stasis   .     (boots unavailable)
MR     .....                    (no amulet)
Stlth  +.........               (no ring)
                                i - ring of wizardry

@: mildly poisoned (15 -> 15), starving, not resistant to hostile enchantments,
very unstealthy
A: unfitting armour, claws 3, fast metabolism 3, gourmand, regeneration 2,
shaggy fur 1, tough skin 2
a: Burn Spellbooks, Berserk, Renounce Religion


You were on level 2 of the Dungeon.
You worshipped Trog.
Trog was aware of your devotion.
You were starving.

You visited 1 branch of the dungeon, and saw 2 of its levels.

You collected 85 gold pieces.

Inventory:

Hand weapons
 a - a +0 mace (weapon)
 p - a +0 trident
Missiles
 f - 20 exploding sling bullets
Armour
 b - a +0 animal skin
 g - a +0 robe (worn)
Jewellery
 i - a ring of wizardry (left claw)
Scrolls
 j - a scroll of immolation {unknown}
 l - a scroll of fear {unknown}
 q - a scroll of random uselessness {unknown}
Potions
 d - a potion of heal wounds {unknown}
 e - a potion of cancellation {unknown}
 h - a potion of curing {unknown}
 o - a potion of beneficial mutation {unknown}
Comestibles
 c - 2 meat rations
 k - a beef jerky
 m - a bread ration
 n - 3 fruits


   Skills:
 + Level 2.6 Fighting
 + Level 3.1 Maces & Flails
 + Level 1.5 Armour
 + Level 1.7 Dodging
 + Level 0.1 Stealth


You had one spell level left.
You didn't know any spells.

Dungeon Overview and Level Annotations

Branches:
Dungeon (2/15)

Altars:


Innate Abilities, Weirdness & Mutations

You are too large for most types of armour.
You have claws for hands.
Your metabolism is lightning-fast.
You like to eat raw meat.
You heal very quickly.
You are covered in fur (AC +1).
You have very tough skin (AC +2).


Message History

a chunk of flesh; a rat skeleton The adder bites you but does no damage.
The adder bites you but does no damage.
You barely miss the adder. The adder bites you.
You are poisoned.
The adder poisons you! The adder bites you but does no damage.
You closely miss the adder.
You feel sick.
The adder bites you but does no damage. x2
You miss the adder.
You feel sick. The adder bites you but does no damage.
You barely miss the adder. The adder barely misses you.
The adder closely misses you.
You barely miss the adder.
You feel sick. The adder closely misses you.
You barely miss the adder. The adder bites you. The adder bites you.
You closely miss the adder.
You feel sick. The adder bites you but does no damage.
The adder barely misses you.
You hit the adder.
The adder is heavily wounded.
The adder bites you.
You have starved to death.
You die...

#### ##..##
##.>..##
######......#######
#.........<........
#......%...####.>..
####....S@...#####
#.......?.........
.(....!...........
.................#
......#..........
##..###..........
#.. #......... .
........ ##(....


You could see an adder.

Vanquished Creatures
  A ball python (D:1)
  A bat (D:1)
  A hobgoblin (D:1)
  A giant newt (D:1)
  4 goblins
  4 kobolds (D:1)
  4 rats
16 creatures vanquished.

Notes
Turn   | Place    | Note
--------------------------------------------------------------
     0 | D:1      | Max123, the Troll Berserker, began the quest for the Orb.
     0 | D:1      | Reached XP level 1. HP: 22/22 MP: 1/1
   665 | D:1      | Reached skill level 3 in Maces & Flails
   671 | D:1      | Reached XP level 2. HP: 25/29 MP: 1/1
  1065 | D:2      | Starved to death

Action                   || total
-------------------------++-------
Melee: Mace              ||    60
  Eat: Chunk             ||     4
